Map: Ever Dream LE

Players

Subang

  • Race: Zerg Zerg
  • League: Platinum
  • Spawn Location: 7:00

A.I. 1 (Very Easy) - Winner!

  • Race: Terran Terran
  • Spawn Location: 1:00

VOD

Have the link to the VOD?

Description

Time

  • Played on: June 24, 2020, 11:57 p.m.
  • Length: 4:22
Show
View Real Time Build Order
Export as new Build Order

Subang Zerg 

Build Orders: Hatch First 

Get SALT Encoding   

  12  0:01  Drone  
  13  0:12  Overlord  
  13  0:17  Drone  
  14  0:31  Drone x2  
  16  0:52  Drone, Hatchery  
  16  0:56  Drone  
  17  0:59  Drone  
  18  1:09  Extractor  
  17  1:15  Spawning Pool  
  16  1:18  Drone  
  16  1:22  Drone  
  18  1:28  Drone  
  19  1:39  Drone  
  20  1:50  Overlord  
  20  2:02  Queen  
  20  2:04  Queen  
  20  2:05  Zergling x4  
  26  2:17  Drone x2  
  28  2:27  Hatchery  
  28  2:29  Drone  
  28  2:35  Drone x2  
  30  2:43  Queen  
  32  2:49  Overlord  
  32  2:54  Metabolic Boost  
  32  3:04  Drone x3  
  35  3:09  Drone  
  35  3:12  Drone x3  
  39  3:13  Drone  
  40  3:28  Queen  
  40  3:29  Overlord  
  42  3:37  Drone  
  42  3:40  Drone x4, Queen  
  49  3:50  Drone x3  
Show
View Real Time Build Order
Export as new Build Order

A.I. 1 (Very Easy) Terran - Winner!

Build Orders:  

Get SALT Encoding   

  12  0:00  SCV  
  13  0:13  SCV  
  14  0:18  Supply Depot  
  14  0:37  Refinery  
  14  0:42  Barracks  
  14  1:03  Supply Depot  
  14  1:11  Refinery  
  14  1:28  Barracks Tech Lab  
  14  1:29  Orbital Command  
  14  1:46  Marine  
  15  1:55  SCV  
  16  2:07  SCV  
  17  2:19  SCV  
  18  2:27  Marine  
  19  2:31  SCV  
  20  2:43  SCV  
  21  2:55  SCV  
  22  3:08  Marauder  
Tags
 
League
Platinum
Matchup
TvZ
Spawn Locations
Cross Positions
Add a new tag
Caveats
  • Supply blocks, unpowered buildings, or Contaminate may cause inaccurate times.
  • Supply counts are checked every 10 seconds.